 Dungeon Crawl Stone Soup version 0.29.1-debian-4-g95531337e3 (webtiles) character file.

Game seed: 18230490176906118230

42 Dreamer the Trooper (level 3, 0/26 HPs)
             Began as an Octopode Fighter on Sept 13, 2022.
             Slain by an orc wizard
             ... wielding a +0 dagger
              (4 damage)
             ... on level 3 of the Dungeon.
             The game lasted 00:03:05 (1216 turns).

Dreamer the Trooper (Octopode Fighter)              Turns: 1216, Time: 00:03:06

Health: 0/26       AC:  1    Str: 15    XL:     3   Next: 56%
Magic:  3/3        EV: 13    Int: 12    God:
Gold:   8          SH:  4    Dex: 11    Spells: 2/2 levels left

rFire   . . .      SeeInvis .     - Unarmed
rCold   . . .      Faith    .   a - +0 buckler
rNeg    . . .      Spirit   .   (helmet restricted)
rPois   .          Reflect  .   (no amulet)
rElec   .          Harm     .   k - ring of resist corrosion
rCorr   +          Rampage  .   (no ring)
Will    .....                   (no ring)
Stlth   +++.......              (no ring)
HPRegen 0.08/turn               (no ring)
MPRegen 0.08/turn               (no ring)
                                (no ring)
                                (no ring)

@: no status effects
A: almost no armour, amphibious, 8 rings, camouflage 1, gelatinous body 1,
(nimble swimmer 1), tentacles
a: no special abilities


You were on level 3 of the Dungeon.
You visited 1 branch of the dungeon, and saw 3 of its levels.

You collected 8 gold pieces.

Inventory:

Armour
 a - a +0 buckler (worn)
Jewellery
 k - a ring of resist corrosion (left tentacle)
Scrolls
 c - a scroll of identify {unknown}
 e - a scroll of magic mapping {unknown}
 g - a scroll of torment {unknown}
 i - a scroll of fog {unknown}
Potions
 b - 3 potions of might
 d - a potion of attraction {unknown}
 f - a potion of resistance {unknown}
 h - a potion of curing {unknown}
 j - a potion of mutation {unknown}


   Skills:
 * Level 3.4 Fighting
 * Level 3.3 Dodging
 + Level 1.3 Stealth
 * Level 3.3 Shields
 * Level 2.4 Unarmed Combat


You had 2 spell levels left.
You didn't know any spells.
Your spell library contained the following spells:

 Spells                   Type           Power      Damage    Failure   Level
 Static Discharge         Conj/Air       0%         3-3/arc   54%         2
 Arcjolt                  Conj/Air       0%         1d10      100%        5
 Lightning Bolt           Conj/Air       0%         1d11      100%        5
 Maxwell's Capacitive Co  Air            0%         ∞         100%        8


Dungeon Overview and Level Annotations

Branches:
Dungeon (3/15)

Altars:


Innate Abilities, Weirdness & Mutations

You cannot wear most types of armour.
You are amphibious.
You can wear up to eight rings at the same time.
Your skin changes colour to match your surroundings (Stealth+).
Your rubbery body absorbs attacks. (AC +1, EV +1)
((You are camouflaged when in or above water. (Stealth+)))
You have tentacles for arms and can constrict up to eight enemies at once.


Message History

You miss the orc wizard. Your squeeze misses the orc wizard.
The orc wizard is lightly wounded.
The orc wizard barely misses you. The orc wizard misses you.
You barely miss the orc wizard. Your squeeze misses the orc wizard.
The orc wizard is lightly wounded.
The orc wizard points at you and mumbles some strange words.
You are more confused.
You are too confused!
You are too confused!
You are too confused!
You miss the orc wizard. Your squeeze misses the orc wizard.
The orc wizard is lightly wounded.
The orc wizard closely misses you.
You bump into the rock wall.
The orc wizard casts a spell.
The orc wizard flickers and vanishes!
Deactivating autopickup; reactivate with Ctrl-A.
You're too confused to move!
Something hits you.
You're too confused to move!
You hear some strange, mumbled words.
A puff of flame appears from out of thin air!
The puff of flame misses you.
You miss something.
You hear some strange, mumbled words.
A magic dart appears from out of thin air!
The magic dart hits you!
You miss something. Something hits you.
You closely miss something. Your squeeze misses something. Something hits you.
You bump into the rock wall.
You feel less confused. Something barely misses you.
You tentacle-slap something but do no damage.
Something hits you.
* * * LOW HITPOINT WARNING * * *
You barely miss something. You block something's attack.
Something barely misses you.
There is a stone staircase leading up here.
Something hits you.
You die...

# ###
####.########.#
..B[..Bo#.....###
...# #o#B###...#
.^>..##.#.{@#.#.#
#.....)#######.#
#..)#.oS.B.....#
#.# #.##########
# #. .. .#. .#. #
..


You could see a giant cockroach.

Vanquished Creatures
  A worm (D:2)
  A dart slug (D:2)
  3 orcs (D:3)
  5 ball pythons
  2 bats (D:3)
  2 endoplasms
  A giant cockroach (D:1)
  3 goblins (D:2)
  3 hobgoblins
  A quokka (D:2)
  2 frilled lizards
  A kobold (D:2)
  7 rats
32 creatures vanquished.

Notes
Turn   | Place    | Note
-------+----------+-------------------------------------------
     0 | D:1      | Dreamer the Octopode Fighter began the quest for the Orb.
     0 | D:1      | Reached XP level 1. HP: 16/16 MP: 1/1
   138 | D:1      | Reached XP level 2. HP: 21/21 MP: 2/2
   458 | D:2      | Found a faded altar of an unknown god.
   783 | D:2      | Reached skill level 1 in Stealth
   829 | D:2      | Reached XP level 3. HP: 26/26 MP: 3/3
  1216 | D:3      | Slain by an orc wizard

Illustrated notes

Levels and vault maps discovered:
D:1:      matt_arrival_refuge, layout_rooms
D:2:      layout_basic, ebering_ecumenical_altar_webs
D:3:      layout_basic

Skill      XL: |  1  2 |
---------------+-------+-----
Stealth        | 1 |  1.3
Fighting       | |  3.4
Dodging        | |  3.3
Shields        | |  3.3
Unarmed Combat | |  2.4

Action                   || total
-------------------------++-------
Melee: Unarmed           ||    69
       Tentacles         ||    14
       Constrict         ||    20
 Stab: Sleeping          ||     8
Armor: Skin              ||     3
Dodge: Dodged            ||    31
Block: Buckler           ||    15
